 Dungeon Crawl Stone Soup version 0.19-a0-1931-gf4bb0bd (webtiles) character file.

84 Banto the Slasher (level 4, 0/29 HPs)
             Began as a High Elf Skald on Oct 25, 2016.
             Hit by a goblin thrown by Robin (1 damage)
             ... on level 2 of the Dungeon.
             The game lasted 00:02:59 (1813 turns).

Banto the Slasher (High Elf Skald)                  Turns: 1813, Time: 00:02:59

Health: 0/29       AC:  4    Str: 11    XL:     4   Next: 23%
Magic:  4/8        EV: 11    Int: 16    God:
Gold:   44         SH:  0    Dex: 15    Spells: 1 memorised, 6 levels left

rFire  + . .     SeeInvis .     a - +0 falchion
rCold  . . .     Gourm    .     b - +0 leather armour
rNeg   . . .     Faith    .     (no shield)
rPois  .         Spirit   .     (no helmet)
rElec  .         Reflect  .     (no cloak)
rCorr  .         Harm     .     m - +0 pair of gloves
MR     .....                    (no boots)
Stlth  +.........               (no amulet)
                                (no ring)
                                j - ring of protection from fire

@: lethally poisoned (0 -> -5), infused (expiring)
A: no striking features
a: no special abilities


You were on level 2 of the Dungeon.
You were not hungry.

You visited 1 branch of the dungeon, and saw 2 of its levels.

You collected 44 gold pieces.

Inventory:

Hand Weapons
 a - a +0 falchion (weapon)
Armour
 b - a +0 leather armour (worn)
 m - a +0 pair of gloves (worn)
Jewellery
 j - a ring of protection from fire (left hand)
Scrolls
 e - a scroll of fog
Potions
 h - a potion of flight
 l - a potion of resistance
Books
 c - a book of Battle

   Spells                             Type                      Level
   a - Infusion                       Charms                       1
   b - Shroud of Golubria             Charms/Translocation         2
   c - Song of Slaying                Charms                       2
   d - Spectral Weapon                Hexes/Charms                 3
   e - Regeneration                   Charms/Necromancy            3
Comestibles
 d - 4 bread rations
 f - 2 fruits
 g - a meat ration
 i - a royal jelly
 k - 3 chunks of flesh


   Skills:
 - Level 2.0 Fighting
 + Level 5.5 Long Blades
 - Level 0.8 Armour
 - Level 1.1 Dodging
 - Level 2.4 Spellcasting
 - Level 3.6 Charms


You had 6 spell levels left.
You knew the following spells:

 Your Spells              Type           Power        Failure   Level  Hunger
a - Infusion              Chrm           ##..         8%          1    #......


Dungeon Overview and Level Annotations

Branches:
Dungeon (2/15)

Altars:

Annotations:
D:2 Robin


Message History

The goblin shouts!
You hit the hobgoblin.
The hobgoblin is severely wounded.
* * * LOW HITPOINT WARNING * * *
You feel sick.
A goblin comes into view. It is wielding a dagger.
You take 1 damage, and have 6/29 hp.
You now have 4/8 mp.
You closely miss the hobgoblin.
The hobgoblin is severely wounded.
The goblin shouts!
The hobgoblin barely misses you. The quokka barely misses you.
Robin hits you but does no damage.
You hit the hobgoblin.
The hobgoblin is almost dead.
Your magical infusion is running out.
* * * LOW HITPOINT WARNING * * *
You feel sick. The hobgoblin misses you. The quokka bites you.
* * * LOW HITPOINT WARNING * * *
Robin throws the goblin at you!
You die... ###.##≈≈≈. ... #....####' ggg.

#.......#.
g.g###########.......##
#ggg.......##.......##
#....).....####'#.....
#.gg$......####.######
#...rg.........†#
#.$..@.....######
#.....g...........
#..........###..##
############ ..


You could see Robin, a quokka, 4 hobgoblins and 7 goblins.

Vanquished Creatures
  3 adders (D:2)
  2 ball pythons
  4 giant cockroaches
  2 goblins (D:2)
  8 hobgoblins
  7 jackals
  A quokka (D:2)
  7 bats
  3 frilled lizards
  10 kobolds
  7 rats
54 creatures vanquished.

Notes
Turn   | Place    | Note
-------+----------+-------------------------------------------
     0 | D:1      | Banto the High Elf Skald began the quest for the Orb.
     0 | D:1      | Reached XP level 1. HP: 14/14 MP: 4/4
    37 | D:1      | Reached skill level 3 in Long Blades
    91 | D:1      | Reached XP level 2. HP: 14/19 MP: 1/6
   639 | D:1      | Reached skill level 4 in Long Blades
   861 | D:1      | Reached XP level 3. HP: 19/24 MP: 7/7
  1313 | D:2      | Reached skill level 5 in Long Blades
  1606 | D:2      | Reached XP level 4. HP: 19/29 MP: 5/8
  1809 | D:2      | Noticed Robin
  1813 | D:2      | HP: 1/29 [quokka (4)]
  1813 | D:2      | Hit by a goblin thrown by Robin

Vault maps used:
D:1:      dpeg_arrival_orchard
D:2:      first_bread, kennysheep_generic_room_8, uniq_robin

Skill      XL: |  1  2  3 |
---------------+----------+-----
Long Blades    | 3 4 5 |  5.5
Fighting       | |  2.0
Armour         | |  0.8
Dodging        | |  1.1
Spellcasting   | |  2.4
Charms         | |  3.6

Action                   |  1- 3 |  4- 6 || total
-------------------------+-------+-------++-------
Melee: Falchion          |   138 |    25 ||   163
 Cast: Infusion          |    16 |     3 ||    19
  Use: Scroll            |     6 |     2 ||     8
       Potion            |     1 |       ||     1
 Stab: Sleeping          |       |     1 ||     1
  Eat: Chunk             |     3 |       ||     3
Armor: Leather armour    |    48 |     9 ||    57
Dodge: Dodged            |    79 |    20 ||    99
       Rpst.: Falchion   |    33 |     6 ||    39

Table legend:
 A = Turns spent in this place as a percentage of turns spent in the entire game.
 B = Non-inter-level travel turns spent in this place as a percentage of non-inter-level travel turns spent in the entire game.
 C = Inter-level travel turns spent in this place as a percentage of turns spent in this place.
 D = Turns resting spent in this place as a percentage of non-inter-level travel turns spent in this place.
 E = Turns spent auto-exploring this place as a percentage of non-inter-level travel turns spent in this place.
 F = Non-inter-level travel turns spent in this place divided by the number of levels of this place that you've seen.
                   A       B       C       D       E      F
               +-------+-------+-------+-------+-------+----------------------
         Total | 100.0 | 100.0 |   0.2 |   5.9 |  12.6 | 289.5
       Dungeon | 100.0 | 100.0 |   0.2 |   5.9 |  12.6 | 289.5
               +-------+-------+-------+-------+-------+----------------------

Table legend:
 A = Kills in this place as a percentage of kills in entire the game.
 B = Kills by you in this place as a percentage of kills by you in the entire game.
 C = Kills by friends in this place as a percentage of kills by friends in the entire game.
 D = Other kills in this place as a percentage of other kills in the entire game.
 E = Experience gained in this place as a percentage of experience gained in the entire game.
 F = Experience gained in this place divided by the number of levels of this place that you have seen.
                   A       B       C       D       E      F
               +-------+-------+-------+-------+-------+----------------------
         Total | 100.0 | 100.0 |  -nan |  -nan | 100.0 |  60.0
       Dungeon | 100.0 | 100.0 |  -nan |  -nan | 100.0 |  60.0
               +-------+-------+-------+-------+-------+----------------------
